 Dungeon Crawl Stone Soup version 0.21.1-1-g345015f (webtiles) character file.

18 wilfster70 the Insei (level 2, -2/18 HPs)
             Began as an Octopode Transmuter on June 14, 2018.
             Slain by an adder (3 damage)
             ... on level 2 of the Dungeon.
             The game lasted 00:02:18 (686 turns).

wilfster70 the Insei (Octopode Transmuter)           Turns: 686, Time: 00:02:19

Health: -2/18      AC:  1    Str:  9    XL:     2   Next: 70%
Magic:  5/5        EV: 13    Int: 15    God:
Gold:   67         SH:  0    Dex: 12    Spells: 2/5 levels left

rFire    . . .     SeeInvis .     - Unarmed
rCold    . . .     Gourm    .   (no shield)
rNeg     . . .     Faith    .   (helmet restricted)
rPois    .         Spirit   .   (no amulet)
rElec    .         Reflect  .   (no ring)
rCorr    .         Harm     .   (no ring)
MR       .....                  (no ring)
Stlth    ++........             (no ring)
HPRegen  0.06/turn              (no ring)
MPRegen  0.09/turn              (no ring)
                                (no ring)
                                (no ring)

@: no status effects
A: almost no armour, stealthy swim, amphibious, 8 rings, constrict 8, camouflage
1, gelatinous body 1
a: no special abilities


You were on level 2 of the Dungeon.
You were not hungry.

You visited 1 branch of the dungeon, and saw 2 of its levels.

You collected 67 gold pieces.

Inventory:

Missiles
 a - 12 arrows
Jewellery
 g - an uncursed ring of fire
Scrolls
 e - a scroll of identify {unknown}
 i - a scroll of teleportation {unknown}
 j - a scroll of blinking {unknown}
Potions
 d - a potion of flight {unknown}
 h - a potion of cancellation {unknown}
Books
 b - a book of Changes

   Spells                             Type                      Level
   a - Beastly Appendage              Transmutation                1
   b - Sticks to Snakes               Transmutation                2
   c - Spider Form                    Transmutation/Poison         3
   d - Ice Form                       Ice/Transmutation            4
   e - Blade Hands                    Transmutation                5
Comestibles
 c - 4 rations
 f - a chunk of flesh


   Skills:
 + Level 1.3 Fighting
 + Level 2.2 Dodging
 + Level 3.2 Unarmed Combat
 + Level 2.2 Spellcasting
 + Level 2.2 Transmutations


You had 2 spell levels left.
You knew the following spells:

 Your Spells              Type           Power        Failure   Level  Hunger
a - Beastly Appendage     Tmut           #.....       9%          1    #......
b - Sticks to Snakes      Tmut           #.......     13%         2    ###....


Dungeon Overview and Level Annotations

Branches:
Dungeon (2/15)

Altars:


Innate Abilities, Weirdness & Mutations

You cannot wear most types of armour.
You are very stealthy in the water. (Stealth+)
You are amphibious.
You can wear up to eight rings at the same time.
You can use your tentacles to constrict eight enemies at once.
Your skin changes colour to match your surroundings (Stealth+).
Your rubbery body absorbs attacks. (AC +1, EV +1)


Message History

The adder bites you. The adder bites you.
An adder comes into view.
Welcome back, wilfster70 the Octopode Transmuter.
Press ? for a list of commands and other information.
The adder misses you.
You closely miss the adder. Your grab misses the adder.
Your squeeze misses the adder. The adder bites you.
The adder barely misses you.
You miss the adder. Your grab misses the adder. The adder bites you.
You barely miss the adder. Your grab misses the adder.
The adder closely misses you.
You closely miss the adder. Your grab misses the adder. The adder bites you.
* * * LOW HITPOINT WARNING * * *
You closely miss the adder. Your grab misses the adder.
Your squeeze misses the adder. The adder barely misses you.
You barely miss the adder. Your grab misses the adder. You squeeze the adder!
The adder is severely wounded.
The adder bites you.
You die...

.# ..#... .# #.#.#. #.#
### #.#.#. ... ..#
#...#.###..
.####...##.##.#
$#.#..#..#.##.#
.....###....#.#
.#.#..#..#..#.#######.##
.####...##....SS@.......
..# #...#.#.#.#######..#
### #.#†#.##..# .#
#.#.#. ##.. K# ..#...
..#. ## #..#.g# #.#.. .
#....## #.# .# .##..#
..# .# # ..


You could see 2 adders.

Vanquished Creatures
  An ooze (D:1)
  A giant cockroach (D:1)
  2 goblins (D:1)
  3 hobgoblins (D:1)
  A ball python (D:1)
  3 bats (D:1)
  A frilled lizard (D:2)
  3 rats
15 creatures vanquished.

Notes
Turn   | Place    | Note
-------+----------+-------------------------------------------
     0 | D:1      | wilfster70 the Octopode Transmuter began the quest for the Orb.
     0 | D:1      | Reached XP level 1. HP: 13/13 MP: 3/3
   184 | D:1      | Reached XP level 2. HP: 11/18 MP: 5/5
   397 | D:1      | Learned a level 2 spell: Sticks to Snakes
   686 | D:2      | Slain by an adder

Action                   || total
-------------------------++-------
Melee: Unarmed           ||    36
       Tentacles         ||     6
       Constrict         ||     8
 Stab: Sleeping          ||     2
Armor: Skin              ||     3
Dodge: Dodged            ||    23
